 Dungeon Crawl Stone Soup version 0.31-a0-198-g2ad674f65e (webtiles) character file.

Game seed: 1227835140036687045

30 qw the Shooter (level 3, -2/20 HPs)
             Began as a Deep Elf Hunter on June 25, 2023.
             Succumbed to an adder's poison
             ... on level 2 of the Dungeon.
             The game lasted 00:00:20 (1229 turns).

qw the Shooter (Deep Elf Hunter)                    Turns: 1229, Time: 00:00:21

Health: -2/20      AC:  6    Str: 10    XL:     3   Next: 5%
Magic:  5/5        EV:  9    Int: 13    God:
Gold:   1193       SH:  0    Dex: 18    Spells: 2/2 levels left

rFire   . . .        a - +6 hand crossbow (heavy)
rCold   . . .        (no shield)
rNeg    . . .        i - +0 scale mail
rPois   .            (no helmet)
rElec   .            (no cloak)
rCorr   +            (no gloves)
SInv    .            (no boots)
Will    .....        (no amulet)
Stlth   +            e - ring of resist corrosion
HPRegen 0.23/turn    (no ring)
MPRegen 0.09/turn

%: no passive effects
@: lethally poisoned (-2 -> -6)
A: no striking features
a: no special abilities


You were on level 2 of the Dungeon.
You visited 1 branch of the dungeon, and saw 2 of its levels.

You collected 1193 gold pieces.


   Skills:
 - Level 1.5 Fighting
 + Level 6.6 Ranged Weapons
 - Level 2.4 Dodging
 - Level 1.2 Stealth


You had 2 spell levels left.
You didn't know any spells.
Your spell library was empty.

Inventory:

Hand Weapons
 a - a +6 heavy hand crossbow (weapon)
Armour
 i - a +0 scale mail (worn)
Jewellery
 e - a ring of resist corrosion (left hand)
Potions
 d - 3 potions of curing

Dungeon Overview and Level Annotations

Branches:
Dungeon (2/15)

Altars:


Message History

A hobgoblin and an adder come into view.
The hobgoblin shouts!
The adder hisses angrily.
You shoot a bolt. The bolt misses the adder.
You shoot a bolt. The bolt hits the adder.
The adder is moderately wounded.
The adder bites you.
You are poisoned.
The adder poisons you! The adder closely misses you.
You shoot a bolt. The bolt closely misses the adder.
The bolt closely misses the hobgoblin.
You feel very sick. The adder barely misses you. The adder bites you.
You are more poisoned.
The adder poisons you!
The adder bites you but does no damage. x2
You shoot a bolt. The bolt barely misses the adder.
The bolt hits the hobgoblin!
You kill the hobgoblin!
You feel very sick. The adder bites you but does no damage.
The adder completely misses you. The adder bites you but does no damage.
You shoot a bolt. The bolt barely misses the adder.
You feel very sick.
The adder barely misses you. x3; The adder bites you but does no damage.
You shoot a bolt. The bolt hits the adder.
The adder is severely wounded.
You feel very sick.
You are no longer poisoned.
The adder bites you. The adder bites you but does no damage.
The adder closely misses you.
You shoot a bolt. The bolt barely misses the adder.
The adder barely misses you. x3; The adder bites you.
You shoot a bolt. The bolt barely misses the adder.
The adder bites you but does no damage. The adder misses you.
The adder bites you but does no damage. x2
You shoot a bolt. The bolt closely misses the adder.
The adder bites you.
You are lethally poisoned!
The adder poisons you! The adder misses you. The adder bites you.
You shoot a bolt. The bolt hits the adder!!!
You kill the adder!
You die...

#%# #..... #.# #.....
#.# #>.... ##'## ##...#
##...## ##(## .#.
##.....## #.## ....#
##.......## #.#.
......###.........###...
.....%%@'........%'.....
.#....###.........###)..
##.# ##.......## #.#. ..
##.....## #.## . ##...##
#.# ##+## #.# #.# #..


There were no monsters in sight!

Vanquished Creatures
  An adder (D:2)
  2 dart slugs (D:1)
  4 ball pythons
  3 endoplasms (D:1)
  A giant cockroach (D:1)
  A goblin (D:2)
  3 hobgoblins
  5 bats
  4 frilled lizards (D:1)
  2 kobolds (D:1)
26 creatures vanquished.

Notes
Turn   | Place    | Note
-------+----------+-------------------------------------------
     0 | D:1      | qw the Deep Elf Hunter began the quest for the Orb.
     0 | D:1      | Reached XP level 1. HP: 12/12 MP: 3/3
     0 | D:1      | 0 ||| qw: Version: 0.3-a-22-g0ed2b0b
     0 | D:1      | 0 ||| qw: Game counter: 5064
     0 | D:1      | 0 ||| qw: Melee chars always use a shield: true
     0 | D:1      | 0 ||| qw: God list: Okawaru
     0 | D:1      | 0 ||| qw: Allow faded altars: false
     0 | D:1      | 0 ||| qw: Do Orc after clearing Dungeon:15 true
     0 | D:1      | 0 ||| qw: Do second Lair branch before Depths: true
     0 | D:1      | 0 ||| qw: Lair rune preference: random
     0 | D:1      | 0 ||| qw: Goals: Normal
     0 | D:1      | 0 ||| PLANNING D:1-11
   280 | D:1      | Reached skill level 6 in Ranged Weapons
   280 | D:1      | Reached XP level 2. HP: 8/16 MP: 4/4
  1014 | D:1      | 1014 ||| UPGRADING to +0 scale mail.
  1024 | D:1      | 1024 ||| DROPPING +0 leather armour.
  1025 | D:1      | 1025 ||| UPGRADING to ring of resist corrosion.
  1026 | D:1      | 1026 ||| READING 2 scrolls labelled APAEN CULARIDD.
  1026 | D:1      | Identified 2 scrolls of acquirement
  1026 | D:1      | 1026 ||| ACQUIRING 1151 gold pieces
  1026 | D:1      | Acquired 1151 gold pieces
  1027 | D:1      | 1027 ||| READING scroll of acquirement.
  1027 | D:1      | 1027 ||| ACQUIRING +6 heavy hand crossbow
  1027 | D:1      | Acquired a +6 heavy hand crossbow
  1029 | D:1      | 1029 ||| SWAPPING to +6 heavy hand crossbow.
  1030 | D:1      | 1030 ||| DROPPING +0 shortbow.
  1031 | D:1      | 1031 ||| READING scroll labelled QEYTRY COCWO.
  1032 | D:1      | 1032 ||| READING scroll labelled XOSAKA DYLEG.
  1033 | D:1      | 1033 ||| READING scroll labelled OXAZOX RADECH.
  1034 | D:1      | 1034 ||| READING scroll labelled XESHAU UVOQEPH.
  1135 | D:1      | 1135 ||| DRINKING 4 green potions.
  1136 | D:1      | 1136 ||| DROPPING scroll of butterflies.
  1213 | D:2      | Reached XP level 3. HP: 20/20 MP: 5/5
  1225 | D:2      | HP: 5/20 [adder (1)]
  1228 | D:2      | HP: 1/20 [adder (2)]
  1229 | D:2      | Succumbed to an adder's poison

Levels and vault maps discovered:
D:1:      wander_arrival_desolate, layout_basic, minmay_misc_feat_cross,
          serial_bayou_pond_c, glass_columns_a, serial_park_tiny_2
D:2:      layout_loops_corners, chequers_jeans, minmay_tetromino_l2

Skill      XL: |  1 |
---------------+----+-----
Ranged Weapons | 6 |  6.6
Fighting       | |  1.5
Dodging        | |  2.4
Stealth        | |  1.2

Action                     || total
---------------------------++-------
   Fire: Shortbow          ||    60
         Hand crossbow     ||    15
    Use: Scroll            ||     6
         Potion            ||     1
 Armour: Leather armour    ||    10
         Scale mail        ||    10
  Dodge: Dodged            ||    27

Table legend:
 A = Non-vault XP
 B = Vault XP
 C = Vault XP percentage of total XP
 D = Non-vault monster count
 E = Vault monster count
 F = Vault count percentage of total count
                 A         B        C        D         E       F
            +---------+---------+-------+---------+---------+-------
      Total |      57 |       0 |   0.0 |      26 |       0 |   0.0
            +---------+---------+-------+---------+---------+-------
        D:1 |      35 |       0 |   0.0 |      20 |       0 |   0.0
        D:2 |      22 |       0 |   0.0 |       6 |       0 |   0.0
            +---------+---------+-------+---------+---------+-------
